 Dungeon Crawl Stone Soup version 0.31.0-9-g3a7656b989 (webtiles) character file.

Game seed: 8454456893870873509

145 qw the Shooter (level 4, 0/36 HPs)
             Began as a Demigod Hunter on Feb 2, 2024.
             Incinerated by a bombardier beetle (3 damage)
             ... with a burning spray
             ... on level 3 of the Dungeon.
             The game lasted 00:00:06 (1507 turns).

qw the Shooter (Demigod Hunter)                     Turns: 1507, Time: 00:00:06

Health: 0/36       AC:  5    Str: 12    XL:     4   Next: 78%
Magic:  6/6        EV: 11    Int: 11    God:
Gold:   151        SH:  0    Dex: 21    Spells: 3/3 levels left

rFire   . . .        a - +1 shortbow
rCold   . . .        (shield currently unavailable)
rNeg    . . .        f - +0 ring mail
rPois   .            (no helmet)
rElec   .            (no cloak)
rCorr   .            (no gloves)
SInv    .            (no boots)
Will    .....        (no amulet)
Stlth   +            (no ring)
HPRegen 0.26/turn    (no ring)
MPRegen 0.10/turn

%: no passive effects
@: on fire, glowing
A: high MP 1, forlorn, divine attributes
a: no special abilities


You were on level 3 of the Dungeon.
You visited 1 branch of the dungeon, and saw 3 of its levels.

You collected 151 gold pieces.


Innate Abilities, Weirdness & Mutations

You have an increased reservoir of magic. (+10% MP)
You shall have no god before yourself.
Your divine heritage dramatically boosts your attributes as you level up.


   Skills:
 - Level 2.0 Fighting
 + Level 5.3 Ranged Weapons
 - Level 1.6 Armour
 - Level 2.0 Dodging
 - Level 0.8 Stealth


You had 3 spell levels left.
You didn't know any spells.
Your spell library was empty.

Inventory:

Hand Weapons
 a - a +1 shortbow (weapon)
Armour
 f - a +0 ring mail (worn)
Potions
 d - a potion of heal wounds
 e - a potion of haste
 h - 2 potions of curing {unknown}
 i - a potion of mutation

Dungeon Overview and Level Annotations

Branches:
Dungeon (3/15)


Message History

Terence closely misses you.
You shoot an arrow. The arrow hits the frilled lizard!
You kill the frilled lizard!
Terence misses you.
You shoot an arrow. The arrow barely misses Terence.
Terence hits you from afar with a +0 trident. x2
You shoot an arrow. The arrow closely misses Terence.
Terence barely misses you.
You shoot an arrow. The arrow hits Terence.
Terence is heavily wounded.
Terence barely misses you.
You shoot an arrow. The arrow barely misses Terence.
Terence hits you but does no damage. x2
You shoot an arrow. The arrow hits Terence!
You kill Terence!
Your Armour skill increases to level 1!
You start resting.
A bombardier beetle is nearby!
You shoot an arrow. The arrow hits the bombardier beetle.
The bombardier beetle is lightly wounded.
You shoot an arrow. The arrow hits the bombardier beetle!
The bombardier beetle is heavily wounded.
The bombardier beetle sprays incendiary fluid at you.
The burning spray hits you.
You are covered in liquid fire!
You shoot an arrow. The arrow hits the bombardier beetle.
The bombardier beetle is almost dead.
The liquid fire burns you!
You shoot an arrow. The arrow hits the bombardier beetle.
You kill the bombardier beetle!
The liquid fire burns you!
You are on fire!
The liquid fire burns you!
You are on fire!
The liquid fire burns you!
You are on fire!
The liquid fire burns you!
You are on fire!
The liquid fire burns you!
You die...

######### # ........# ..
##.######## ...
#.........# ....
#.......... .....
#####.>........
.....)####.............#
......%@................
.......#####............
......% #..........%..
....... ...............
....... ##.............
....... ..............
....... ............<..
!...... ..<..........
..........


There were no monsters in sight!

Vanquished Creatures
  A bombardier beetle (D:3)
  Terence (D:3)
  3 adders
  A ribbon worm (D:2)
  2 dart slugs (D:1)
  6 ball pythons
  8 endoplasms
  2 giant cockroaches
  6 goblins
  4 hobgoblins
  2 jackals (D:3)
  5 quokkas
  2 bats
  3 frilled lizards
  2 kobolds
  2 rats (D:1)
50 creatures vanquished.

Notes
Turn   | Place    | Note
-------+----------+-------------------------------------------
     0 | D:1      | qw the Demigod Hunter began the quest for the Orb.
     0 | D:1      | Reached XP level 1. HP: 17/17 MP: 3/3
     0 | D:1      | 0 ||| qw: Version: 0.3-a-155-g5e7d8dd
     0 | D:1      | 0 ||| qw: Game counter: 146
     0 | D:1      | 0 ||| qw: Melee chars always use a shield: true
     0 | D:1      | 0 ||| qw: God list: Okawaru
     0 | D:1      | 0 ||| qw: Allow faded altars: false
     0 | D:1      | 0 ||| qw: Do Orc after clearing Dungeon:15 true
     0 | D:1      | 0 ||| qw: Do second Lair branch before Depths: true
     0 | D:1      | 0 ||| qw: Lair rune preference: random
     0 | D:1      | 0 ||| qw: Goals: Normal
     0 | D:1      | 0 ||| PLANNING D:1-11
    87 | D:1      | Reached skill level 4 in Ranged Weapons
   117 | D:1      | Reached XP level 2. HP: 19/24 MP: 4/4
   169 | D:1      | 169 ||| DROPPING +1 sling of flaming.
   528 | D:1      | 528 ||| READING scroll labelled KETIC CALOFEDI.
   533 | D:1      | 533 ||| READING scroll labelled OMUTOT EFAWK.
   534 | D:1      | 534 ||| READING scroll labelled VOXZISY KYZAQ.
   534 | D:1      | 534 ||| ENCHANTING +0 shortbow.
   535 | D:1      | 535 ||| READING scroll labelled KUZORI SUONU.
   535 | D:1      | 535 ||| IDENTIFYING fuming yellow potion
   536 | D:1      | 536 ||| DRINKING 2 amethyst potions.
   537 | D:1      | 537 ||| DROPPING scroll of butterflies.
   584 | D:2      | Reached XP level 3. HP: 14/29 MP: 5/5
  1354 | D:2      | 1354 ||| UPGRADING to +0 ring mail.
  1364 | D:2      | 1364 ||| DROPPING +0 leather armour.
  1365 | D:2      | 1365 ||| READING 2 scrolls of identify.
  1365 | D:2      | 1365 ||| IDENTIFYING smoky grey potion
  1366 | D:2      | 1366 ||| READING scroll of identify.
  1366 | D:2      | 1366 ||| IDENTIFYING fizzy silvery potion
  1367 | D:2      | 1367 ||| DROPPING potion of degeneration.
  1393 | D:3      | 1393 ||| STAIRDANCE
  1451 | D:3      | Reached skill level 5 in Ranged Weapons
  1462 | D:3      | Reached XP level 4. HP: 36/36 MP: 6/6
  1486 | D:3      | Noticed Terence
  1498 | D:3      | Killed Terence
  1499 | D:3      | Reached skill level 1 in Armour
  1505 | D:3      | HP: 7/36 [burnt (5)]
  1506 | D:3      | HP: 3/36 [burnt (4)]
  1507 | D:3      | Incinerated by a bombardier beetle

Levels and vault maps discovered:
D:1:      pf_arrival_petrified_forest, layout_rooms
D:2:      layout_loops_ring
D:3:      layout_rooms, slow_altar_1, uniq_terence

Skill      XL: |  1  2  3  4 |
---------------+-------------+-----
Ranged Weapons | 4 5 |  5.3
Fighting       | 2 |  2.0
Dodging        | 2 |  2.0
Armour         | 1 |  1.6
Stealth        | |  0.8

Action                     |  1- 3 |  4- 6 || total
---------------------------+-------+-------++-------
   Fire: Shortbow          |   128 |    19 ||   147
    Use: Scroll            |     6 |       ||     6
         Potion            |     1 |       ||     1
 Armour: Leather armour    |    18 |       ||    18
         Ring mail         |     3 |     6 ||     9
  Dodge: Dodged            |    30 |     4 ||    34

Table legend:
 A = Non-vault XP
 B = Vault XP
 C = Vault XP percentage of total XP
 D = Non-vault monster count
 E = Vault monster count
 F = Vault count percentage of total count
                 A         B        C        D         E       F
            +---------+---------+-------+---------+---------+-------
      Total |     172 |      36 |  17.3 |      49 |       1 |   2.0
            +---------+---------+-------+---------+---------+-------
        D:1 |      42 |       0 |   0.0 |      21 |       0 |   0.0
        D:2 |      58 |       0 |   0.0 |      19 |       0 |   0.0
        D:3 |      72 |      36 |  33.3 |       9 |       1 |  10.0
            +---------+---------+-------+---------+---------+-------
